 Dungeon Crawl Stone Soup version 0.31.0-12-g77e489cdc1 (webtiles) character file.

Game seed: 15949310051327392438

37 Gadfly the Shooter (level 3, -1/22 HPs)
             Began as a Kobold Hunter on Mar 3, 2024.
             Killed from afar by an orc wizard (11 damage)
             ... with a puff of flame
             ... on level 2 of the Dungeon.
             The game lasted 00:01:34 (990 turns).

Gadfly the Shooter (Kobold Hunter)                   Turns: 990, Time: 00:01:36

Health: -1/22      AC:  3    Str:  8    XL:     3   Next: 62%
Magic:  3/3        EV: 15    Int: 10    God:
Gold:   31         SH:  0    Dex: 20    Spells: 2/2 levels left

rFire   . . .        a - +0 shortbow
rCold   . . .        (shield currently unavailable)
rNeg    . . .        c - +0 leather armour
rPois   .            (no helmet)
rElec   .            (no cloak)
rCorr   .            (no gloves)
SInv    .            (no boots)
Will    .....        (no amulet)
Stlth   +++          (no ring)
HPRegen 0.23/turn    (no ring)
MPRegen 0.08/turn

%: no passive effects
@: no status effects
A: small, no large weapons, nightstalker 3
a: no special abilities


You were on level 2 of the Dungeon.
You visited 1 branch of the dungeon, and saw 2 of its levels.

You collected 31 gold pieces.

Inventory:

Hand Weapons
 a - a +0 shortbow (weapon)
Armour
 c - a +0 leather armour (worn)
Scrolls
 b - a scroll of butterflies
 d - a scroll of fog {unknown}
 e - a scroll of enchant armour {unknown}
 f - a scroll of identify {unknown}
 g - a scroll of brand weapon {unknown}
 h - a scroll of summoning {unknown}
 j - a scroll of revelation {unknown}
Potions
 i - a potion of lignification {unknown}


   Skills:
 + Level 2.5 Fighting
 + Level 5.5 Ranged Weapons
 + Level 2.8 Dodging
 - Level 1.3 Stealth
 * Level 1.3 Invocations
 * Level 1.9 Evocations


You had 2 spell levels left.
You didn't know any spells.
Your spell library contained the following spells:

 Spells                   Type           Power      Damage    Failure   Level
 Apportation              Tloc           0%         N/A       50%         1
 Jinxbite                 Hex            0%         N/A       63%         2
 Alistair's Intoxication  Alch           0%         N/A       100%        5


Dungeon Overview and Level Annotations

Branches:
Dungeon (2/15)

Altars:


Innate Abilities, Weirdness & Mutations

You are small and have problems with some larger weapons.
You are completely attuned to the shadows.


Message History

An orc comes into view. It is wielding a +0 whip.
A goblin comes into view.
It is wielding a +0 club and wearing the +3 chain mail "Xusomy" {rC+ Dex+2 Stlth+}.
Non-targeted confused fire: a) +0 shortbow
Press: ? - help, Q - select action Dir - look around, f - activate Look: an orc, wielding a +0 dagger and wearing a +0 leather armour (almost dead)
You shoot an arrow. The orc hits you but does no damage.
The orc wizard casts a spell at you. The puff of flame hits you.
You barely miss the orc.
The orc is almost dead.
The orc closely misses you.
An orc priest comes into view. It is wielding a +0 trident.
The orc closely misses you. The orc attacks as it pursues you!
The orc hits you but does no damage.
You feel less confused. The orc completely misses you.
The orc wizard casts a spell.
The orc wizard flickers and vanishes!
Deactivating autopickup; reactivate with Ctrl-A.
The orc hits you with a +0 dagger. The goblin barely misses you.
The goblin attacks as it pursues you! The goblin barely misses you.
You shoot an arrow.
The arrow hits the goblin but does no damage.
The goblin hits you with a +0 club. The goblin completely misses you.
You shoot an arrow. The arrow hits the goblin.
The goblin is moderately wounded.
The goblin barely misses you.
You shoot an arrow.
The arrow hits the goblin but does no damage.
The goblin is moderately wounded.
The goblin hits you with a +0 club.
You shoot an arrow. The arrow hits the goblin!
You kill the goblin!
You hear some strange, mumbled words.
A puff of flame appears from out of thin air!
The puff of flame hits you!
Ouch! That really hurt!
You die...

#............
#............
#..#........>
#.....o...#.
#.#o..##....
#oo...#.##
#{###...# #)#
##. #@# ###.#
######...#
##......###
#...>.###
########.###
#........#
#...†....#
#........#


You could see an orc priest and 2 orcs.

Vanquished Creatures
  A gnoll (D:1)
  A dart slug (D:1)
  An orc (D:2)
  2 endoplasms (D:1)
  A giant cockroach (D:1)
  4 goblins
  2 hobgoblins (D:1)
  3 jackals (D:1)
  2 ball pythons
  3 bats
  3 frilled lizards
  A kobold (D:1)
  A rat (D:1)
25 creatures vanquished.

Notes
Turn   | Place    | Note
-------+----------+-------------------------------------------
     0 | D:1      | Gadfly the Kobold Hunter began the quest for the Orb.
     0 | D:1      | Reached XP level 1. HP: 12/12 MP: 1/1
    45 | D:1      | Reached skill level 1 in Invocations
    45 | D:1      | Reached skill level 1 in Evocations
    45 | D:1      | Reached XP level 2. HP: 15/18 MP: 2/2
   150 | D:1      | Reached XP level 3. HP: 22/22 MP: 3/3
   976 | D:2      | Identified the +3 chain mail "Xusomy" {rC+ Dex+2 Stlth+}
   990 | D:2      | Killed from afar by an orc wizard

Illustrated notes

Levels and vault maps discovered:
D:1:      minmay_arrival_up_and_down, layout_loops_cross, hex_medium,
          roderic_st_hans_cross
D:2:      layout_rooms, ebering_ecumenical_altar_rust, grunt_ministairs_5,
          uniq_sigmund

Skill      XL: |  1 |
---------------+----+-----
Invocations    | 1 |  1.3
Evocations     | 1 |  1.9
Fighting       | |  2.5
Ranged Weapons | |  5.5
Dodging        | |  2.8
Stealth        | |  1.3

Action                     || total
---------------------------++-------
  Melee: Shortbow          ||     1
   Fire: Shortbow          ||    67
    Use: Scroll            ||     1
 Armour: Leather armour    ||    27
  Dodge: Dodged            ||    50
